 Dungeon Sprint DCSS version 0.27-a0-1525-g1038ab4fd7 (webtiles) character file.

Game seed: 5088980975049879804

851 mhtbhm the Blocker (level 8, -7/55 HPs)
             Began as a Gargoyle Fighter on July 10, 2021.
             Was a Believer of Qazlal.
             Mangled by a fire elemental (12 damage)
             ... summoned by a deep elf pyromancer
             ... in the Dungeon (Sprint III: "The Ten Rune Challenge").
             The game lasted 00:01:31 (770 turns).

mhtbhm the Blocker (Gargoyle Fighter)                Turns: 770, Time: 00:01:31

Health: -7/55      AC: 15    Str: 21    XL:     8   Next: 1%
Magic:  8/8        EV:  9    Int: 10    God:    Qazlal [**....]
Gold:   40         SH: 14    Dex:  9    Spells: 7/7 levels left

rFire    . . .     SeeInvis .   a - +0 flail
rCold    . . .     Faith    .   c - +0 kite shield
rNeg     + . .     Spirit   .   b - +0 scale mail
rPois    ∞         Reflect  .   (no helmet)
rElec    +         Harm     .   m - +0 cloak {rPois}
rCorr    .         Rampage  .   (no gloves)
Will     .....     NoTele   +   (no boots)
Stlth    ..........             (no amulet)
HPRegen  0.18/turn              (no ring)
MPRegen  0.11/turn              (no ring)

@: no status effects
A: sickness immunity, AC +5, negative energy resistance 1, electricity
resistance, torment resistance 1, petrification resistance
a: Renounce Religion, Upheaval


You were in the Dungeon.
You worshipped Qazlal.
Qazlal was pleased with you.
You visited 1 branch You collected 40 gold pieces.

Inventory:

Hand Weapons
 a - a +0 flail (weapon)
Armour
 b - a +0 scale mail (worn)
 c - a +0 kite shield (worn)
 m - a +0 cloak of poison resistance (worn)
Wands
 k - a wand of polymorph (1)
Scrolls
 j - a scroll of blinking
 n - 2 scrolls of immolation {unknown}
 o - 2 scrolls of identify {unknown}
Potions
 e - a potion of curing
 g - a potion of haste
 h - 2 potions of magic
 l - 3 potions of flight
 p - a potion of degeneration {unknown}
 q - 6 potions of mutation
Miscellaneous
 d - a box of beasts (inert)


   Skills:
 + Level 8.4 Fighting
 + Level 9.8 Maces & Flails
 + Level 8.8 Armour
 + Level 2.4 Dodging
 + Level 0.7 Stealth
 + Level 10.3 Shields


You had 7 spell levels left.
You didn't know any spells.
Your spell library contained the following spells:

 Spells                   Type           Power      Damage    Failure   Level
 Slow                     Hex            0%         N/A       94%         2
 Confusing Touch          Hex            0%         N/A       99%         3
 Vampiric Draining        Necr           0%         2d6       99%         3
 Passage of Golubria      Tloc           N/A        N/A       100%        4
 Silence                  Hex/Air        0%         N/A       100%        5
 Lehudib's Crystal Spear  Conj/Erth      0%         10d2      100%        8


Dungeon Overview and Level Annotations

Branches:
Dungeon (1/1)

Altars:
Cheibriados
Dithmenos
Elyvilon
Fedhas
Gozag
Hepliaklqana
Kikubaaqudgha
Makhleb
Nemelex Xobeh
Okawaru
Qazlal
Ru
Sif Muna
Trog
Uskayaw
Vehumet
Wu Jian
Xom
Yredelemnul
Zin
The Shining One
Beogh
Jiyva
Lugonu


Innate Abilities, Weirdness & Mutations

You are immune to sickness and miasma.
Your stone body is resilient. (AC +5)
You are immune to poison.
You resist negative energy. (rN+)
You are resistant to electric shocks. (rElec)
You are resistant to unholy torment.
You are immune to petrification.


Message History

The deep elf pyromancer hits you but does no damage.
You barely miss the deep elf pyromancer.
The deep elf pyromancer is moderately wounded.
You are covered in liquid flames!
The deep elf pyromancer gestures wildly while chanting.
You are too injured to fight recklessly!
You are too injured to fight recklessly!
You are too injured to fight recklessly!
You are too injured to fight recklessly!
You are too injured to fight recklessly!
You are too injured to fight recklessly!
You are too injured to fight recklessly!
You are too injured to fight recklessly!
You are too injured to fight recklessly!
You are too injured to fight recklessly!
You are too injured to fight recklessly!
Unknown command.
You open the lid... ...and a larval weirdbat beast flies out!
The box is emptied!
The deep elf pyromancer gestures at you while chanting.
You block the sticky flame.
Unknown command.
Your larval weirdbat beast hits the fire elemental!
Unknown command.
The fire elemental is engulfed in freezing vapours.
There is a fountain of clear blue water here.
Unknown command.
You thump the fire elemental!
The fire elemental is almost destroyed.
Your larval weirdbat beast hits the fire elemental.
The fire elemental hits you. The fire elemental burns you!
* * * LOW HITPOINT WARNING * * *
The fire elemental hits you. The fire elemental burns you!
* * * LOW HITPOINT WARNING * * *
The fire elemental is engulfed in freezing vapours.
You feel better. The fire elemental hits you. The fire elemental burns you!
* * * LOW HITPOINT WARNING * * *
The fire elemental hits you. The fire elemental burns you!
You die...

▓▓▓▓▓▓▓▓▓ ▓▓▓ ..'...♣.♣
♣.############ ..#.....♣
♣♣.#_○_#___#__# ###.....♣♣
♣..#○.e#__.#._#
..#....≈.♣♣♣..###'#)###)##
..#...≈≈♣.♣♣♣.#.EE.......#
..#).≈≈≈≈♣♣...'.@H.......#
#'#..≈≈≈≈≈≈♣♣.#...######'#
..#.≈≈≈≈≈≈....#.⌠.#__#...#
..#.≈≈≈≈≈.....#...#__#...#
..#.≈≈≈.......#)###__#...#
###...........#...#__#...+
..............#___#__'...#
▓▓▓▓▓▓▓▓▓▓▓▓▓▓▓▓▓▓▓▓▓▓▓▓▓▓


You could see a deep elf pyromancer, 2 fire elementals and a friendly larval
weirdbat beast (summoned).

Vanquished Creatures
  A shadow (D)
  A spatial vortex (D)
  A necrophage (D)
  A water elemental (D)
  Crazy Yiuf (D)
  A jelly (D)
  Jessica (D)
  A wizard (D)
  A necromancer (D)
  3 humans (D)
  A kobold demonologist (D)
  2 rats (D)
15 creatures vanquished.

Notes
Turn   | Place    | Note
-------+----------+-------------------------------------------
     0 | D        | mhtbhm the Gargoyle Fighter began the quest for the Orb.
     0 | D        | Reached XP level 1. HP: 14/14 MP: 1/1
    76 | D        | Noticed Jessica
    81 | D        | Killed Jessica
    82 | D        | Reached skill level 5 in Shields
    82 | D        | Reached XP level 2. HP: 20/20 MP: 2/2
    82 | D        | Reached XP level 3. HP: 24/24 MP: 3/3
   183 | D        | Reached skill level 5 in Armour
   306 | D        | Noticed Crazy Yiuf
   314 | D        | Killed Crazy Yiuf
   315 | D        | Reached skill level 5 in Fighting
   315 | D        | Reached skill level 6 in Shields
   315 | D        | Reached XP level 4. HP: 31/31 MP: 4/4
   421 | D        | Noticed a water elemental
   427 | D        | Killed a water elemental
   428 | D        | Reached skill level 7 in Shields
   428 | D        | Reached XP level 5. HP: 27/36 MP: 5/5
   440 | D        | Noticed a shadow
   442 | D        | Killed a shadow
   443 | D        | Reached skill level 1 in Dodging
   443 | D        | Reached skill level 8 in Shields
   443 | D        | Reached XP level 6. HP: 34/42 MP: 6/6
   456 | D        | Found a blossoming altar of Fedhas.
   456 | D        | Found a stormy altar of Qazlal.
   456 | D        | Found a snail-covered altar of Cheibriados.
   456 | D        | Found a burning altar of Makhleb.
   456 | D        | Found a shimmering altar of Xom.
   457 | D        | Found a hazy altar of Hepliaklqana.
   457 | D        | Found an opulent altar of Gozag.
   457 | D        | Found a sparkling altar of Nemelex Xobeh.
   457 | D        | Found a corrupted altar of Lugonu.
   457 | D        | Found a viscous altar of Jiyva.
   457 | D        | Noticed a spatial vortex
   465 | D        | Killed a spatial vortex
   466 | D        | Reached skill level 9 in Shields
   473 | D        | Became a worshipper of Qazlal Stormbringer
   534 | D        | Found a basalt altar of Yredelemnul.
   534 | D        | Found a shadowy altar of Dithmenos.
   534 | D        | Found a sacrificial altar of Ru.
   534 | D        | Noticed a necrophage
   544 | D        | Killed a necrophage
   545 | D        | Reached XP level 7. HP: 48/48 MP: 7/7
   631 | D        | Found a radiant altar of Vehumet.
   631 | D        | Found a shimmering blue altar of Sif Muna.
   631 | D        | Found an ancient bone altar of Kikubaaqudgha.
   633 | D        | Reached * piety under Qazlal
   674 | D        | Found a hide-covered altar of Uskayaw.
   674 | D        | Found an iron altar of Okawaru.
   674 | D        | Found a bloodstained altar of Trog.
   674 | D        | Found an ornate altar of the Wu Jian Council.
   674 | D        | Noticed a human
   674 | D        | Noticed a human
   688 | D        | Killed a human
   689 | D        | Reached skill level 10 in Shields
   692 | D        | Killed a human
   692 | D        | Reached ** piety under Qazlal
   693 | D        | Reached XP level 8. HP: 55/55 MP: 8/8
   758 | D        | Found a glowing silver altar of Zin.
   758 | D        | Found a glowing golden altar of the Shining One.
   758 | D        | Found a white marble altar of Elyvilon.
   759 | D        | Noticed a deep elf pyromancer
   770 | D        | Mangled by a fire elemental

Illustrated notes

Levels and vault maps discovered:
D:        dungeon_sprint_mu [sprint_mu_entry_forest, sprint_mu_temple_rooms,
          sprint_mu_d1_spiders, sprint_mu_d2_genie, sprint_mu_d3_branching,
          sprint_mu_orc_legion, sprint_mu_elf_gauntlet, sprint_mu_hive_nellie,
          sprint_mu_lair_fedhas, sprint_mu_vaults_butterflies,
          sprint_mu_slime_circle, sprint_mu_shoals_kraken,
          sprint_mu_snake_twists, sprint_mu_blade_basic, sprint_mu_crypt_lich,
          sprint_mu_tomb_spiral, sprint_mu_vestibule_basic,
          sprint_mu_gehenna_hellfire, sprint_mu_dis_giant,
          sprint_mu_tartarus_statrot, sprint_mu_cocytus_islands, sprint_mu_zot1]

Skill      XL: |  1  2  3  4  5  6  7 |
---------------+----------------------+-----
Fighting       | 4 5 6 7 8 |  8.4
Armour         | 4 5 6 7 8 |  8.8
Shields        | 5 6 7 8 9 10 | 10.3
Maces & Flails | 3 4 6 8 9 |  9.8
Dodging        | 1 2 |  2.4
Stealth        | |  0.7

Action                   |  1- 3 |  4- 6 |  7- 9 || total
-------------------------+-------+-------+-------++-------
Melee: Flail             |    33 |    24 |    44 ||   101
       Unarmed           |     1 |       |       ||     1
Evoke: Box of beasts     |       |       |     1 ||     1
  Use: Potion            |       |     1 |     3 ||     4
Armor: Scale mail        |    11 |     5 |    15 ||    31
Dodge: Dodged            |    13 |     6 |     7 ||    26
Block: Kite shield       |    19 |     9 |    17 ||    45

Table legend: (Time is in decaauts)
 A = Elapsed time spent in this place.
 B = Non-inter-level travel time spent in this place.
 C = Inter-level travel time spent in this place.
 D = Time resting spent in this place.
 E = Time spent auto-exploring this place.
 F = Levels seen in this place.
 G = Mean time per level.
                   A        B        C        D        E       F      G
               +--------+--------+--------+--------+--------+-----+--------+
         Total |    820 |    820 |      0 |    407 |     63 |   1 |  820.0 |
       Dungeon |    820 |    820 |      0 |    407 |     63 |   1 |  820.0 |
               +--------+--------+--------+--------+--------+-----+--------+

Top non-repeatable levels by time:
       D: 820 daAuts
